 Dungeon Crawl Stone Soup version 0.30.0-16-gbe6223bb7e (webtiles) character file.

Game seed: 6699953301532414215

86 Twinkles the Slasher (level 4, 0/34 HPs)
             Began as a Vampire Warper on May 21, 2023.
             Slain by an orc
             ... wielding a +0 flail
              (8 damage)
             ... on level 5 of the Dungeon.
             The game lasted 00:02:35 (1234 turns).

Twinkles the Slasher (Vampire Warper)               Turns: 1234, Time: 00:02:35

Health: 0/34       AC:  4    Str: 10    XL:     4   Next: 27%
Magic:  7/7        EV: 12    Int: 15    God:
Gold:   138        SH:  0    Dex: 15    Spells: 7/7 levels left

rFire   . . .        a - +0 falchion
rCold   . . .        (no shield)
rNeg    . . .        b - +0 leather armour
rPois   .            (no helmet)
rElec   .            (no cloak)
rCorr   .            (no gloves)
SInv    +            i - +0 pair of boots
Will    .....        (no amulet)
Stlth   +            (no ring)
HPRegen 0.45/turn    (no ring)
MPRegen 0.10/turn

%: no passive effects
@: healing quickly
A: alive, fangs 3, see invisible, vampiric 2
a: Exsanguinate


You were on level 5 of the Dungeon.
You visited 1 branch of the dungeon, and saw 4 of its levels.

You collected 138 gold pieces.

Inventory:

Hand Weapons
 a - a +0 falchion (weapon)
Missiles
 d - 7 boomerangs of dispersal (quivered)
 g - 2 throwing nets
Armour
 b - a +0 leather armour (worn)
 i - a +0 pair of boots (worn)
Scrolls
 c - 6 scrolls of identify {unknown}
 e - 4 scrolls of teleportation {unknown}
 D - a scroll of blinking
Potions
 f - a potion of resistance {unknown}
 h - a potion of might {unknown}


   Skills:
 + Level 2.5 Fighting
 * Level 3.4 Long Blades
 - Level 0.7 Throwing
 - Level 0.7 Armour
 + Level 3.1 Dodging
 + Level 0.7 Stealth
 - Level 2.0 Spellcasting
 - Level 2.4 Translocations


You had 7 spell levels left.
You didn't know any spells.
Your spell library contained the following spells:

 Spells                   Type           Power      Damage    Failure   Level
 Blink                    Tloc           16%        N/A       17%         2
 Lesser Beckoning         Tloc           16%        N/A       17%         2
 Teleport Other           Tloc           8%         N/A       34%         3
 Vhi's Electric Charge    Tloc/Air       10%        N/A       50%         3
 Manifold Assault         Tloc           8%         N/A       75%         4


Dungeon Overview and Level Annotations

Branches:
Dungeon (5/15) Zot: 22744
 Temple: D:4-7

Altars:

Annotations:
D:5 exclusion: ice beast


Innate Abilities, Weirdness & Mutations

Your natural rate of healing is accelerated.
You have razor-sharp teeth.
You have supernaturally acute eyesight. (SInv)
You are afflicted with vampirism and can become a bat while bloodless.


Message History

The orc is heavily wounded.
The orc closely misses you. The orc hits you with a +0 flail.
The orc completely misses you.
You hit the orc. Your bite misses the orc.
The orc is heavily wounded.
The orc closely misses you. The orc hits you but does no damage.
The orc hits you with a +0 dagger.
You hit the orc but do no damage.
The orc is heavily wounded.
The orc closely misses you. The orc barely misses you.
The orc hits you with a +0 dagger.
You closely miss the orc. Your bite misses the orc.
The orc is heavily wounded.
The orc barely misses you. The orc closely misses you.
The orc barely misses you.
You hit the orc.
The orc is severely wounded.
The orc hits you with a +0 flail. The orc closely misses you.
The orc completely misses you. The orc hits you with a +0 whip.
The orc closely misses you. The orc hits you with a +0 dagger.
* * * LOW HITPOINT WARNING * * *
You closely miss the orc.
The orc is severely wounded.
The orc hits you with a +0 whip.
* * * LOW HITPOINT WARNING * * *
The orc barely misses you. x2
You barely miss the orc.
The orc is severely wounded.
The orc hits you with a +0 whip.
* * * LOW HITPOINT WARNING * * *
The orc closely misses you. The orc hits you with a +0 dagger.
* * * LOW HITPOINT WARNING * * *
You closely miss the orc.
The orc is severely wounded.
The orc barely misses you. x3
You hit the orc.
You kill the orc!
The orc hits you but does no damage. The orc barely misses you.
You hit the orc but do no damage. The orc hits you with a +0 flail!
You die...

.............#
.............##
..............#
###.
#.............#
.....
#............#
#.....
##...........#
#....
##....########...
####.## ##oo#
######..## ##)@#
..........###..##
..####....##..##
#.......##
#......##
#.###..## #.#
#..# #.# #.## .#
#.#


You could see 2 orcs.

Vanquished Creatures
  A gnoll (D:1)
  3 adders (D:2)
  A worm (D:2)
  A dart slug (D:2)
  3 orcs (D:5)
  6 bats
  2 endoplasms
  3 giant cockroaches (D:2)
  4 hobgoblins
  2 kobolds (D:2)
  3 quokkas
  7 ball pythons
  3 goblins
  4 rats
43 creatures vanquished.

Notes
Turn   | Place    | Note
-------+----------+-------------------------------------------
     0 | D:1      | Twinkles the Vampire Warper began the quest for the Orb.
     0 | D:1      | Reached XP level 1. HP: 16/16 MP: 3/3
    23 | D:1      | Reached XP level 2. HP: 22/22 MP: 5/5
   145 | D:1      | Found a faded altar of an unknown god.
   552 | D:2      | Gained mutation: You are afflicted with vampirism and can
                  | become a bat while bloodless. [Vampire growth]
   552 | D:2      | Reached XP level 3. HP: 17/27 MP: 6/6
   623 | D:2      | Identified the +12 short sword of Might {heavy, Dex+3}
   836 | D:2      | HP: 8/28 [adder (2)]
   844 | D:2      | HP: 9/28 [goblin/+1 dagger of speed (4)]
   903 | D:2      | Reached XP level 4. HP: 34/34 MP: 7/7
  1180 | D:3      | You fall into a shaft and drop 2 floors!
  1180 | D:5      | Entered Level 5 of the Dungeon
  1188 | D:5      | Noticed an ice beast
  1229 | D:5      | HP: 10/34 [orc/+0 dagger (2)]
  1234 | D:5      | Slain by an orc

Illustrated notes

Levels and vault maps discovered:
D:1:      shiori_shiawase, layout_rooms, ebering_ecumenical_altar_abandoned
D:2:      layout_basic, minmay_pentomino_pile
D:3:      due_chaos_kobolds, layout_rooms, minmay_misc_feat_columns,
          reono_crystal_passage, kennysheep_big_empty_room, st_stairs_2
D:5:      layout_cave_pods, minivault_24

Skill      XL: |  1  2  3 |
---------------+----------+-----
Fighting       | 2 |  2.5
Long Blades    | 3 |  3.4
Dodging        | 3 |  3.1
Throwing       | |  0.7
Armour         | |  0.7
Stealth        | |  0.7
Spellcasting   | |  2.0
Translocations | |  2.4

Action                     |  1- 3 |  4- 6 || total
---------------------------+-------+-------++-------
  Melee: Falchion          |   111 |    32 ||   143
         Bite              |    12 |     2 ||    14
         Punch             |     1 |       ||     1
    Use: Potion            |     1 |       ||     1
 Armour: Leather armour    |    19 |    13 ||    32
  Dodge: Dodged            |    98 |    29 ||   127
